 Dungeon Crawl Stone Soup version 0.30.0-29-ga12c61a403 (webtiles) character file.

Game seed: 14595635796538599886

186 olmar the Grasshopper (level 5, -2/43 HPs)
             Began as a Gnoll Warper on June 11, 2023.
             Slain by an orc
             ... wielding a +0 war axe
              (7 damage)
             ... on level 4 of the Dungeon.
             The game lasted 00:06:05 (2982 turns).

olmar the Grasshopper (Gnoll Warper)                Turns: 2982, Time: 00:06:05

Health: -2/43      AC:  9    Str: 10    XL:     5   Next: 65%
Magic:  0/12       EV: 11    Int: 20    God:
Gold:   122        SH:  0    Dex: 12    Spells: 2/14 levels left

rFire   . . .        r - staff of cold
rCold   + . .        (no shield)
rNeg    . . .        y - +2 ring mail {rPois}
rPois   +            l - +0 helmet
rElec   .            q - +0 cloak
rCorr   .            (no gloves)
SInv    .            (no boots)
Will    .....        k - amulet of guardian spirit
Stlth   +            o - ring of wizardry
HPRegen 0.27/turn    s - +6 ring of intelligence
MPRegen 0.13/turn

%: guardian spirit, wizardry (x1)
@: no status effects
A: fangs 1, strong nose, distributed training
a: no special abilities


You were on level 4 of the Dungeon.
You visited 1 branch of the dungeon, and saw 4 of its levels.

You collected 122 gold pieces.

Inventory:

Hand Weapons
 a - a +0 mace
 f - a +0 great sword
 g - a +0 short sword of speed
Missiles
 d - 7 boomerangs of dispersal (quivered)
 u - 5 boomerangs
 x - 6 datura-tipped darts
 G - 2 poisoned darts
Armour
 b - a +0 leather armour
 l - a +0 helmet (worn)
 q - a +0 cloak (worn)
 y - a +2 ring mail of poison resistance (worn)
Magical Staves
 r - a staff of cold (weapon)
Jewellery
 k - an amulet of guardian spirit (around neck)
 o - a ring of wizardry (left hand)
 s - a +6 ring of intelligence (right hand)
 E - a +4 ring of protection
Wands
 m - a wand of mindburst (9)
Scrolls
 c - 2 scrolls of blinking
 h - a scroll of magic mapping {unknown}
 i - a scroll of teleportation {unknown}
 j - a scroll of vulnerability {unknown}
 p - a scroll of torment
 B - a scroll of enchant weapon {unknown}
 D - 2 scrolls of identify
 F - a scroll of fear {unknown}
Potions
 e - 4 potions of brilliance
 n - a potion of lignification
 t - a potion of haste
 v - 3 potions of curing
 w - a potion of might {unknown}
 z - a potion of invisibility {unknown}
 A - a potion of cancellation {unknown}
 C - a potion of heal wounds {unknown}


   Skills:
 + Level 4.8 Fighting
 + Level 1.6 Short Blades
 + Level 1.6 Long Blades
 + Level 1.6 Axes
 + Level 4.8 Maces & Flails
 + Level 1.6 Polearms
 + Level 1.6 Staves
 + Level 1.6 Ranged Weapons
 + Level 3.1 Throwing
 + Level 3.1 Armour
 + Level 4.8 Dodging
 + Level 1.6 Stealth
 + Level 1.6 Shields
 + Level 1.6 Unarmed Combat
 + Level 5.2 Spellcasting
 + Level 1.3 Conjurations
 + Level 1.3 Hexes
 + Level 1.3 Summonings
 + Level 1.3 Necromancy
 + Level 5.6 Translocations
 + Level 1.3 Transmutations
 + Level 1.3 Fire Magic
 + Level 1.3 Ice Magic
 + Level 1.3 Air Magic
 + Level 1.3 Earth Magic
 + Level 1.3 Poison Magic
 + Level 1.9 Invocations
 + Level 1.6 Evocations


You had 2 spell levels left.
You knew the following spells:

 Your Spells              Type           Power      Damage    Failure   Level
a - Ensorcelled Hibernat  Hex/Ice        30%        N/A       10%         2
b - Passwall              Tmut/Erth      8%         N/A       10%         2
c - Blink                 Tloc           54%        N/A       1%          2
d - Vhi's Electric Charg  Tloc/Air       38%        N/A       9%          3
e - Confusing Touch       Hex            10%        N/A       19%         3

Your spell library contained the following spells:

 Spells                   Type           Power      Damage    Failure   Level
 Lesser Beckoning         Tloc           54%        N/A       1%          2
 Kiss of Death            Conj/Necr      40%        2d8       6%          1
 Shock                    Conj/Air       40%        1d5       6%          1
 Teleport Other           Tloc           27%        N/A       3%          3
 Manifold Assault         Tloc           27%        N/A       11%         4
 Swiftness                Air            10%        N/A       19%         3
 Airstrike                Air            5%         2d(1-17)  52%         4
 Dispel Undead            Necr           10%        3d9       52%         4


Dungeon Overview and Level Annotations

Branches:
Dungeon (4/15)
 Temple: D:4-7

Altars:

Shops:
D:2 [

Annotations:
D:2 Terence


Innate Abilities, Weirdness & Mutations

You have very sharp teeth.
Your uncanny sense of smell can sniff out nearby items.
Your experience applies equally to all skills.


Message History

Unknown command.
You hit the orc but do no damage. You freeze the orc.
The orc is lightly wounded.
The orc hits you with a +0 war axe. The orc hits you but does no damage. x2
Unknown command.
You are too injured to fight recklessly!
Unknown command.
You are too injured to fight recklessly!
Unknown command.
You are too injured to fight recklessly!
Unknown command.
You hit the orc.
The orc is severely wounded.
The orc hits you but does no damage. The orc hits you with a +0 hand axe.
The orc closely misses you.
You hit the orc.
You kill the orc!
The orc hits you with a +0 war axe. The orc hits you but does no damage.
The orc closely misses you. The orc barely misses you.
The orc attacks as you move away! The orc closely misses you.
Found 16 gold pieces.
The orc misses you.
Items here: )) ††.
Unknown command.
The orc hits you with a +0 war axe. The orc hits you with a +0 hand axe.
* * * LOW HITPOINT WARNING * * *
You see here a +0 dagger.
The orc hits you with a +0 hand axe.
You closely miss the orc. The orc hits you but does no damage.
The orc hits you with a +0 hand axe.
You hit the orc but do no damage. The orc barely misses you. x2
You hit the orc but do no damage. You bite the orc.
The orc is lightly wounded.
The orc hits you but does no damage. The orc hits you with a +0 war axe!
* * * LOW HITPOINT WARNING * * *
The orc attacks as you move away! The orc barely misses you.
The orc attacks as you move away! The orc closely misses you.
The orc attacks as you move away! The orc hits you with a +0 hand axe.
* * * LOW HITPOINT WARNING * * *
The orc attacks as you move away! The orc hits you with a +0 war axe!
You die...

###+##### #.......#
#.......# .........∆
#.......# .......
#.......# ∆ ......
#......@# #....#
#.....oo#########....##
#.....).........#.....#.
#.....).........#.....#.
....#####........#..<..#.
$.. #........#.....#K ..
#........#.....#.
#............)##.
###########...##.


You could see 2 orcs.

Vanquished Creatures
  Ijyb (D:3)
  5 adders
  3 gnolls (D:3)
  A worm (D:2)
  5 dart slugs
  7 orcs
  6 ball pythons
  11 bats
  6 endoplasms
  3 giant cockroaches (D:1)
  2 hobgoblins
  6 kobolds
  3 quokkas
  2 frilled lizards (D:1)
  3 goblins
  7 rats
71 creatures vanquished.

Notes
Turn   | Place    | Note
-------+----------+-------------------------------------------
     0 | D:1      | olmar the Gnoll Warper began the quest for the Orb.
     0 | D:1      | Reached XP level 1. HP: 20/20 MP: 6/6
   111 | D:1      | Reached XP level 2. HP: 26/26 MP: 7/7
   412 | D:1      | Learned a level 2 spell: Ensorcelled Hibernation
   416 | D:1      | Learned a level 2 spell: Passwall
   419 | D:1      | Learned a level 2 spell: Blink
   539 | D:1      | Reached skill level 5 in Spellcasting
   539 | D:1      | Reached XP level 3. HP: 26/31 MP: 6/9
   758 | D:1      | Reached skill level 1 in Invocations
  1192 | D:2      | Reached skill level 1 in Short Blades
  1192 | D:2      | Reached skill level 1 in Long Blades
  1192 | D:2      | Reached skill level 1 in Axes
  1192 | D:2      | Reached skill level 1 in Polearms
  1192 | D:2      | Reached skill level 1 in Staves
  1192 | D:2      | Reached skill level 1 in Ranged Weapons
  1192 | D:2      | Reached skill level 1 in Stealth
  1192 | D:2      | Reached skill level 1 in Shields
  1192 | D:2      | Reached skill level 1 in Unarmed Combat
  1192 | D:2      | Reached skill level 1 in Evocations
  1214 | D:2      | Found Divets's Armour Shop.
  1238 | D:2      | Learned a level 3 spell: Vhi's Electric Charge
  1310 | D:2      | Reached XP level 4. HP: 38/38 MP: 11/11
  1459 | D:2      | Noticed Terence
  1524 | D:2      | Reached skill level 1 in Conjurations
  1524 | D:2      | Reached skill level 1 in Hexes
  1524 | D:2      | Reached skill level 1 in Summonings
  1524 | D:2      | Reached skill level 1 in Necromancy
  1524 | D:2      | Reached skill level 1 in Transmutations
  1524 | D:2      | Reached skill level 1 in Fire Magic
  1524 | D:2      | Reached skill level 1 in Ice Magic
  1524 | D:2      | Reached skill level 1 in Air Magic
  1524 | D:2      | Reached skill level 1 in Earth Magic
  1524 | D:2      | Reached skill level 1 in Poison Magic
  2050 | D:3      | Noticed Ijyb
  2073 | D:3      | Killed Ijyb
  2074 | D:3      | Reached XP level 5. HP: 37/43 MP: 7/12
  2509 | D:3      | Learned a level 3 spell: Confusing Touch
  2982 | D:4      | Slain by an orc

Illustrated notes

Levels and vault maps discovered:
D:1:      sevenhm_arrival_forest_fort_small_4, layout_basic
D:2:      wad_crossroads, layout_basic, serial_shops, shop, roderic_lattice_a,
          uniq_terence
D:3:      layout_basic, nicolae_kite_square_tiling_tiny,
          minmay_stone_trees_small, grunt_decor_cap, uniq_ijyb
D:4:      layout_gridville, serial_shops, nicolae_shop_tiny_statue_garden,
          hangedman_decor_growths

Skill      XL: |  1  2  3  4 |
---------------+-------------+-----
Spellcasting   | 5 |  5.2
Invocations    | 1 |  1.9
Short Blades   | 1 |  1.6
Long Blades    | 1 |  1.6
Axes           | 1 |  1.6
Polearms       | 1 |  1.6
Staves         | 1 |  1.6
Ranged Weapons | 1 |  1.6
Stealth        | 1 |  1.6
Shields        | 1 |  1.6
Unarmed Combat | 1 |  1.6
Evocations     | 1 |  1.6
Conjurations   | 1 |  1.3
Hexes          | 1 |  1.3
Summonings     | 1 |  1.3
Necromancy     | 1 |  1.3
Transmutations | 1 |  1.3
Fire Magic     | 1 |  1.3
Ice Magic      | 1 |  1.3
Air Magic      | 1 |  1.3
Earth Magic    | 1 |  1.3
Poison Magic   | 1 |  1.3
Throwing       | 3 |  3.1
Armour         | 3 |  3.1
Fighting       | |  4.8
Maces & Flails | |  4.8
Dodging        | |  4.8
Translocations | |  5.6

Action                     |  1- 3 |  4- 6 || total
---------------------------+-------+-------++-------
  Melee: Mace              |   123 |    14 ||   137
         Bite              |    14 |    27 ||    41
         Punch             |     1 |     3 ||     4
         Short sword       |       |   107 ||   107
         Unarmed           |       |    16 ||    16
         Staff             |       |    24 ||    24
         Great sword       |       |    16 ||    16
   Cast: Ensorcelled Hiber |       |     4 ||     4
         Blink             |       |     3 ||     3
         Passwall          |       |     2 ||     2
         Vhi's Electric Ch |       |     1 ||     1
    Use: Scroll            |       |     4 ||     4
         Potion            |       |     1 ||     1
   Stab: Sleeping          |       |     1 ||     1
 Armour: Leather armour    |    43 |    24 ||    67
         Skin              |       |     7 ||     7
         Ring mail         |       |    35 ||    35
  Dodge: Dodged            |   107 |   155 ||   262
